Unix NetHack Version 5.0.0-0 post-release - last build Jun 10 2026 00:39:30 (3ee93aec679c4c4259841fe613dc97188e26a321,branch:main).

Game began 2026-06-26 15:59:58, ended 2026-06-26 17:32:15.

IanCurtis, chaotic male elven Wizard

           ^
    -------|---         -----------
    |......`..|         |........*|
    |.........|         |..........#
    |.........|         |.........|#
    |.........|         ---.-+-----#
    |.........-###      #####      #
    -----------  #      ####     ###
                 #       #       #
                 ##      # #######*####
                 ##    ###      #-----#            ##
                ##      #       #|...|################
                #########       #....|  ## -------.-|.-
                .  +             |..<|     |.......`|.|
               ..                |...|     |........|.|
             ....                |...|     |..$.....|d|
            .....                |...|     ........al.|
           |.....                -----     ------------
           ------

IanCurtis the Thaumaturge  St:11 Dx:11 Co:15 In:18 Wi:12 Ch:13  Chaotic
Dlvl:8  $:0  HP:0(43) Pw:29(55) AC:10 Xp:6 T:3913 

Latest messages:
 In what direction? j
 The door crashes open!
 You hear a door open.
 The werewolf zaps a maple wand!
 The bolt of cold whizzes by you!
 The bolt of cold bounces!
 There is nothing here to pick up.
 The werewolf changes into a wolf.
 The werewolf bites!
 In what direction? l
 The spell hits the werewolf!
 The werewolf summons help!
 A wolf suddenly appears next to you!
 The werewolf bites!
 In what direction? l
 The spell hits the werewolf!
 You kill the werewolf!
 The wolf bites!
 The werejackal picks up a wand of cold.
 In what direction? l
 The spell misses the werejackal.
 The wolf bites!
 The werejackal hits!
 In what direction? l
 The spell hits the werejackal!
 You kill the werejackal!
 The wolf bites!
 The giant ant bites!
 The giant ant bites!
 What do you want to write with? [- ac-empzDGIJ or ?*] -
 You write in the dust with your fingertip.
 What do you want to write in the dust here? Elbereth
 The wolf turns to flee.
 The giant ant turns to flee.
 What do you want to drink? [f-huxyFO or ?*] x
 You feel better.
 The leprechaun picks up a wand of cold.
 The leprechaun turns to flee.
 The leprechaun zaps a wand of cold!
 The bolt of cold whizzes by you!
 The bolt reveals a secret door.
 The door freezes and shatters!
 What do you want to drop? [$a-nprsuw-zB-DF-JM-O or ?*] $
 You drop 418 gold pieces.
 The leprechaun zaps a wand of cold!
 The bolt of cold hits you!
 The bolt of cold bounces!
 The bolt of cold hits you!
 You die...
 Do you want your possessions identified? [ynq] (y) q

Inventory:
 Weapons  (')')
  z - a +2 orcish dagger
  a - a blessed +1 quarterstaff (weapon in hands)
 Armor    ('[')
  b - an uncursed very rotted +0 cloak of magic resistance (being worn)
 Scrolls  ('?')
  j - 3 uncursed scrolls of blank paper
  s - 2 cursed scrolls of confuse monster
  B - an uncursed scroll of enchant armor
  r - a cursed scroll of enchant armor
  i - 2 uncursed scrolls of identify
  N - an uncursed scroll of light
 Spellbooks  ('+')
  l - an uncursed spellbook of cure blindness
  C - an uncursed spellbook of detect monsters
  k - a blessed spellbook of force bolt
  H - an uncursed spellbook of magic missile
  M - an uncursed spellbook of magic missile
 Potions  ('!')
  g - 2 uncursed potions of gain ability
  x - an uncursed potion of healing
  u - a blessed potion of oil
  f - a blessed potion of paralysis
  y - a blessed potion of restore ability
  h - an uncursed potion of restore ability
  F - an uncursed potion of see invisible
  O - an uncursed potion of water
 Rings    ('=')
  d - an uncursed ring of polymorph control
  e - an uncursed ring of see invisible
  I - a cursed ring of see invisible
  J - an uncursed ring of slow digestion
 Wands    ('/')
  G - a wand of cold (0:8)
  D - a wand of digging (0:4)
  p - a wand of opening (0:7)
  c - a wand of striking (0:5)
 Tools    ('(')
  w - a cursed bag of tricks (0:13)
  n - an uncursed bugle
  m - a magic marker (0:19)

IanCurtis the Wizard's attributes:

Background:
 You were a Thaumaturge, a level 6 male elven Wizard.
 You were chaotic, on a mission for Anhur
 who was opposed by Ptah (lawful) and Thoth (neutral).
 You were right-handed.
 You were in the Dungeons of Doom, on level 8.
 You entered the dungeon 3913 turns ago.
 You had 493 experience points, 147 more were needed to attain level 7.

Basics:
 You had 0 out of 43 hit points.
 You had 29 out of 55 energy points (spell power).
 Your armor class was 10.
 Your wallet was empty.
 Autopickup was off.

Final Characteristics:
 Your strength was 11 (limit:18).
 Your dexterity was 11 (limit:18).
 Your constitution was 15 (limit:16).
 Your intelligence was 18 (limit:20).
 Your wisdom was 12 (limit:20).
 Your charisma was 13 (limit:18).

Final Status:
 You weren't hungry.
 You were unencumbered.
 You were wielding a quarterstaff.
 You had basic skill with quarterstaff and could have enhanced that.

Final Attributes:
 You were piously aligned.
 You were magic-protected.
 You were sleep resistant.
 You had infravision.
 You were warded.
 You are dead.

Miscellaneous:
 You didn't encounter any bones levels.
 Total elapsed playing time was 52 minutes and 12 seconds.

Major events:
 Turn
    1: IanCurtis the chaotic male elven Wizard entered the dungeon
 1123: attained the rank of Conjurer (level 3)
 2664: attained the rank of Thaumaturge (level 6)
 3913: killed by a bolt of cold zapped by a leprechaun

Spells:
 Name                 Level Category     Fail Retention
 force bolt             1   attack         0%   81%-90%
 cure blindness         2   healing       31%  76%-100%

Skills:
 Fighting Skills
   bare handed combat [Unskilled]
   riding             [Unskilled]
 Weapon Skills
   dagger             [Unskilled]
   knife              [Unskilled]
   axe                [Unskilled]
   short sword        [Unskilled]
   club               [Unskilled]
   mace               [Unskilled]
   quarterstaff       [Basic]
   polearms           [Unskilled]
   spear              [Unskilled]
   trident            [Unskilled]
   sling              [Unskilled]
   dart               [Unskilled]
   shuriken           [Unskilled]
 Spellcasting Skills
   attack spells      [Basic]
   healing spells     [Unskilled]
   divination spells  [Unskilled]
   enchantment spells [Basic]
   clerical spells    [Unskilled]
   escape spells      [Unskilled]
   matter spells      [Unskilled]

Voluntary challenges:
 Character rerolling was not enabled.
 You never genocided any monsters.
 You never polymorphed an object.
 You never changed form.
 You used no wishes.
Achievements:
 You entered a shop.
 You attained the rank of Conjurer.
 You attained the rank of Thaumaturge.

 The Dungeons of Doom: levels 1 to 8
    Level 1:
       A fountain.
    Level 2:
    Level 3:
       A sink.
    Level 4:
       A general store.
    Level 5: "vault"
    Level 6: "vault"
       A grave.
    Level 7:
    Level 8: <- You were here.
       Final resting place for
          you, killed by a bolt of cold zapped by a leprechaun.


Vanquished creatures:
  2 leprechauns
  a brown pudding
  a gold golem
  a werewolf
  a jaguar
  a dust vortex
 an ape
  a bugbear
  2 Uruk-hai
  2 rock moles
  a straw golem
  a paper golem
  2 giant ants
  a little dog
  a kitten
  a giant bat
  5 orc zombies
  a dwarf zombie
  3 werejackals
 an iguana
  2 manes
  a large kobold
  3 giant rats
  2 brown molds
  a gnome zombie
  3 jackals
  2 foxes
  a goblin
  4 sewer rats
  3 grid bugs
  a bat
  2 lichens
  a kobold zombie
  2 newts
58 creatures vanquished.

No species were genocided or became extinct.

Game over:
                       ----------
                      /          \
                     /    REST    \
                    /      IN      \
                   /     PEACE      \
                  /                  \
                  |    IanCurtis     |
                  |       0 Au       |
                  | killed by a bolt |
                  |  of cold zapped  |
                  | by a leprechaun  |
                  |                  |
                  |       2026       |
                 *|     *  *  *      | *
        _________)/\\_//(\/(/\)/\//\/|_)_______

Goodbye IanCurtis the Wizard...

You died in The Dungeons of Doom on dungeon level 8 with 2332 points,
and 0 pieces of gold, after 3913 moves.
You were level 6 with a maximum of 43 hit points when you died.

